Ducks vs Maple Leafs

Created - 14 mars 2018 at 20:19

Goals
1 2 3 T
Ducks 1 2 1 4
Maple Leafs 0 0 1 1
Shots
1 2 3 T
Ducks 9 15 9 33
Maple Leafs 13 7 11 31

1st period

1. Ducks , Riley Nash 7 (Trevor Lewis 15, Mike Green 21) at 10:20

Penalties :
Troy Stecher (TOR) for Interference (Minor) at 0:56, Tommy Wingels (ANA) for Interference (Minor) at 15:59

2nd period

2. Ducks , Jordan Staal 31 (Elias Lindholm 28, Patrik Laine 25) at 13:40
3. Ducks , Patrik Laine 32 (Jordan Staal 37, Elias Lindholm 29) at 17:29 (PP)

Penalties :
Mike Hoffman (TOR) for Interference (Minor) at 3:48, Jesper Bratt (TOR) for Roughing (Minor) at 9:26, Logan Couture (TOR) for Hooking (Minor) at 17:12

3rd period

4. Maple Leafs , Mike Hoffman 26 (Blake Comeau 10, Troy Stecher 3) at 4:32
5. Ducks , Riley Nash 8 (Rasmus Ristolainen 31) at 10:50

Penalties :
Bobby Ryan (TOR) for Hooking (Minor) at 5:32, Tom Wilson (ANA) for Holding (Minor) at 7:42

Goalie Stats

Jacob Markstrom (ANA), 30 saves from 31 shots - (0,968), W, 7-6-1, 60:00 minutes
Petr Mrazek (TOR), 29 saves from 33 shots - (0,879), L, 4-9-0, 60:00 minutes

Players Stats for Ducks

Player Name              G  A  P  +/- PIM S  H  SB GA TA FO     MP     PP MP  PK MP  
------------------------------------------------------------------------------------
Craig Smith              0  0  0   0  0   3  1  0  1  0  0/0    10:04   0:05   0:26 
David Krejci             0  0  0   0  0   5  0  1  0  1  8/14   16:55   3:31   0:13 
Deryk Engelland          0  0  0   1  0   0  0  1  0  0  0/0    13:35   0:00   2:16 
Elias Lindholm           0  2  2   1  0   2  0  1  0  0  2/5    21:45   4:37   0:55 
Jack Johnson             0  0  0   1  0   0  0  2  0  0  0/0    22:42   3:27   2:16 
Jean-Gabriel Pageau      0  0  0   0  0   0  2  0  0  0  0/1    17:16   3:31   0:39 
Jonathan Ericsson        0  0  0   1  0   1  1  1  0  0  0/0    13:46   0:03   1:42 
Jordan Staal             1  1  2   1  0   5  4  0  0  0  21/30  22:32   4:37   1:52 
Mike Green               0  1  1   1  0   0  1  1  0  1  0/0    21:39   4:46   0:00 
Milan Lucic              0  0  0   0  0   6  5  0  0  0  1/1    16:37   3:31   0:00 
Nick Leddy               0  0  0   0  0   1  1  1  0  0  0/0    23:32   4:43   0:00 
Patrik Laine             1  1  2   1  0   7  1  2  3  0  1/3    22:12   4:37   1:32 
Phillip Danault          0  0  0   0  0   1  0  1  0  0  1/5     9:06   0:00   0:00 
Rasmus Ristolainen       0  1  1   0  0   0  1  0  0  0  0/0    24:46   3:27   1:42 
Riley Nash               2  0  2   1  0   2  0  0  0  0  0/3     9:07   0:00   0:00 
Tom Wilson               0  0  0   0  2   0  2  0  0  0  0/0    10:36   0:05   0:59 
Tommy Wingels            0  0  0   1  2   0  2  0  1  0  0/0     9:06   0:00   0:00 
Trevor Lewis             0  1  1   1  0   0  1  1  0  0  0/0    10:44   0:05   1:20 

Players Stats for Maple Leafs

Player Name              G  A  P  +/- PIM S  H  SB GA TA FO     MP     PP MP  PK MP  
------------------------------------------------------------------------------------
Blake Comeau             0  1  1   0  0   5  1  0  0  0  0/1    16:14   2:04   0:13 
Bobby Ryan               0  0  0  -1  2   1  3  0  0  1  1/3    20:30   1:54   1:45 
Boyd Gordon              0  0  0  -1  0   0  0  0  0  0  0/0     7:24   0:00   0:13 
Fredrik Claesson         0  0  0  -1  0   0  0  2  0  0  0/0    13:06   0:00   0:42 
Hampus Lindholm          0  0  0  -2  0   0  1  2  0  0  0/0    27:28   1:48   4:21 
Jeff Petry               0  0  0  -2  0   3  1  1  0  1  0/0    27:28   1:48   4:21 
Jesper Bratt             0  0  0   0  2   2  2  0  0  0  0/0    11:21   0:00   1:33 
Lars Eller               0  0  0   0  0   2  2  0  0  1  1/1    16:01   2:04   0:00 
Logan Couture            0  0  0  -1  2   4  1  0  0  0  15/35  22:32   1:54   3:49 
Mike Hoffman             1  0  1   0  2   7  1  0  0  0  6/13   18:12   2:04   2:09 
Nicklas Jensen           0  0  0  -1  0   1  2  1  1  0  0/0     7:11   0:00   0:00 
Nikolaj Ehlers           0  0  0  -1  0   4  1  3  1  0  0/1    22:50   1:54   4:06 
Paul Martin              0  0  0  -1  0   0  1  0  0  0  0/0    12:30   0:00   0:27 
Sergey Kalinin           0  0  0  -1  0   1  0  0  0  0  1/1     7:11   0:00   0:00 
Stephen Gionta           0  0  0   0  0   0  1  1  0  0  4/5    12:29   0:00   2:38 
Toby Enstrom             0  0  0   1  0   1  0  0  0  0  0/0    20:08   2:10   3:52 
Tom Kostopoulos          0  0  0   0  0   0  1  0  0  2  0/2     9:47   0:00   0:00 
Troy Stecher             0  1  1   1  2   0  0  1  0  0  0/0    19:20   2:10   2:43 

3 Stars

1 - Riley Nash (ANA)
2 - Jordan Staal (ANA)
3 - Jacob Markstrom (ANA)

Power Play

Ducks - 1 on 5 Attempt(s) - 20,00%
Maple Leafs - 0 on 2 Attempt(s) - 0,00%

Penalty Kill

Ducks - 2 on 2 Attempt(s) - 100,00% - Score 0 goal in Penalty Kill
Maple Leafs - 4 on 5 Attempt(s) - 80,00% - Score 0 goal in Penalty Kill

Team Stat

Ducks - Hits : 22 - Faceoff Wins : 34 - Blocked Shots : 12 - Penalty Minutes : 4
Maple Leafs - Hits : 18 - Faceoff Wins : 28 - Blocked Shots : 11 - Penalty Minutes : 10

Official

Referees : Brad Meier and Graham Skiliter
Linesman : Devin Berg and Vaughan Rody

Game Notes

17:29 of 2nd period - Ducks goal is going for a video replay. After video review, Goal.

Finance

Level 1 -- Attendance: 3794 (63,23%) -- Ticket Income 417 340 $
Level 2 -- Attendance: 3426 (68,52%) -- Ticket Income 222 690 $
Level 3 -- Attendance: 1283 (64,15%) -- Ticket Income 57 735 $
Level 4 -- Attendance: 3499 (87,48%) -- Ticket Income 76 978 $
Luxury Box -- Attendance: 636 (63,60%) -- Ticket Income 143 100 $
Game was played at the Air Canada Center.
Total Attendance: 12638 (70,21%)
Total Ticket Income: 917 843 $
Other Income: 449 743 $
Total Income: 1 367 586 $

Ducks

5 vs 5 Forward 
   Center                   Left Wing                Right Wing               Time % Phy DF OF 
 1 Jordan Staal             Patrik Laine             Elias Lindholm           40     1   2  2  
 2 David Krejci             Milan Lucic              Jean-Gabriel Pageau      30     1   2  2  
 3 Phillip Danault          Craig Smith              Tom Wilson               20     1   2  2  
 4 Riley Nash               Tommy Wingels            Trevor Lewis             10     1   2  2  

5 vs 5 Defense 
   Defense                  Defense                                           Time % Phy DF OF 
 1 Rasmus Ristolainen       Nick Leddy                                        40     1   2  2  
 2 Jack Johnson             Mike Green                                        30     1   2  2  
 3 Jonathan Ericsson        Deryk Engelland                                   20     1   2  2  
 4 Mike Green               Jack Johnson                                      10     1   2  2  

PowerPlay Forward 
   Center                   Left Wing                Right Wing               Time % Phy DF OF 
 1 Jordan Staal             Patrik Laine             Elias Lindholm           60     1   2  2  
 2 David Krejci             Milan Lucic              Jean-Gabriel Pageau      40     1   2  2  

PowerPlay Defense
   Defense                  Defense                                           Time % Phy DF OF 
 1 Mike Green               Nick Leddy                                        60     1   2  2  
 2 Rasmus Ristolainen       Jack Johnson                                      40     1   2  2  

Penalty Kill 4 Players Forward 
   Center                   Wing                     Time % Phy DF OF 
 1 Jordan Staal             Tom Wilson               60     1   2  2  
 2 Jean-Gabriel Pageau      Tommy Wingels            40     1   2  2  

Penalty Kill 4 Players Defense
   Defense                  Defense                  Time % Phy DF OF 
 1 Deryk Engelland          Jack Johnson             60     1   2  2  
 2 Jonathan Ericsson        Rasmus Ristolainen       40     1   2  2  

Penalty Kill - 3 Players Forward 
   Forward                                           Time % Phy DF OF 
 1 Jean-Gabriel Pageau                               60     1   2  2  
 2 David Krejci                                      40     1   2  2  

Penalty Kill - 3 Players Defense
   Defense                  Defense                  Time % Phy DF OF 
 1 Jonathan Ericsson        Deryk Engelland          60     1   2  2  
 2 Nick Leddy               Jonathan Ericsson        40     1   2  2  

4 vs 4 Forward 
   Center                   Wing                     Time % Phy DF OF 
 1 Elias Lindholm           Patrik Laine             60     1   2  2  
 2 David Krejci             Milan Lucic              40     1   2  2  

4 vs 4 Defense
   Defense                  Defense                  Time % Phy DF OF 
 1 Rasmus Ristolainen       Mike Green               60     1   2  2  
 2 Nick Leddy               Jonathan Ericsson        40     1   2  2  

Last Minutes Offensive
   Center                   Left Wing                Right Wing               Defense                  Defense                  
   Jordan Staal             Patrik Laine             Elias Lindholm           Rasmus Ristolainen       Mike Green               

Last Minutes Defensive
   Center                   Left Wing                Right Wing               Defense                  Defense                  
   Jordan Staal             Phillip Danault          Tom Wilson               Jonathan Ericsson        Deryk Engelland          

Goaltenders
Starting : Jacob Markstrom          
Backup : Cam Ward                 

Extra Forwards
Normal : Patrik Laine, Craig Smith, Trevor Lewis - PP : Milan Lucic, Craig Smith - PK : Trevor Lewis
Extra Defensemen
Normal : Jonathan Ericsson, Mike Green, Nick Leddy - PP : Jonathan Ericsson - PK : Mike Green, Nick Leddy
Penalty Shots
Jordan Staal, David Krejci, Milan Lucic, Patrik Laine, Jean-Gabriel Pageau
Custom OT Lines Forwards
Jordan Staal, David Krejci, Elias Lindholm, Patrik Laine, Phillip Danault, Milan Lucic, Tom Wilson, Craig Smith, Trevor Lewis, Riley Nash
Custom OT Lines Defensemen
Rasmus Ristolainen, Mike Green, Nick Leddy, Deryk Engelland, Jonathan Ericsson

Scratches
None

Maple Leafs

5 vs 5 Forward 
   Center                   Left Wing                Right Wing               Time % Phy DF OF 
 1 Logan Couture            Bobby Ryan               Nikolaj Ehlers           40     3   2  0  
 2 Mike Hoffman             Lars Eller               Blake Comeau             30     3   2  0  
 3 Stephen Gionta           Jesper Bratt             Tom Kostopoulos          20     3   2  0  
 4 Sergey Kalinin           Nicklas Jensen           Boyd Gordon              10     1   2  2  

5 vs 5 Defense 
   Defense                  Defense                                           Time % Phy DF OF 
 1 Hampus Lindholm          Jeff Petry                                        40     1   2  2  
 2 Toby Enstrom             Troy Stecher                                      30     1   2  2  
 3 Paul Martin              Fredrik Claesson                                  20     1   2  2  
 4 Hampus Lindholm          Jeff Petry                                        10     1   2  2  

PowerPlay Forward 
   Center                   Left Wing                Right Wing               Time % Phy DF OF 
 1 Logan Couture            Bobby Ryan               Nikolaj Ehlers           60     1   2  2  
 2 Mike Hoffman             Lars Eller               Blake Comeau             40     1   2  2  

PowerPlay Defense
   Defense                  Defense                                           Time % Phy DF OF 
 1 Hampus Lindholm          Jeff Petry                                        60     1   2  2  
 2 Toby Enstrom             Troy Stecher                                      40     1   2  2  

Penalty Kill 4 Players Forward 
   Center                   Wing                     Time % Phy DF OF 
 1 Logan Couture            Nikolaj Ehlers           60     1   2  2  
 2 Mike Hoffman             Bobby Ryan               40     1   2  2  

Penalty Kill 4 Players Defense
   Defense                  Defense                  Time % Phy DF OF 
 1 Hampus Lindholm          Jeff Petry               60     1   2  2  
 2 Toby Enstrom             Troy Stecher             40     1   2  2  

Penalty Kill - 3 Players Forward 
   Forward                                           Time % Phy DF OF 
 1 Logan Couture                                     60     1   2  2  
 2 Nikolaj Ehlers                                    40     1   2  2  

Penalty Kill - 3 Players Defense
   Defense                  Defense                  Time % Phy DF OF 
 1 Hampus Lindholm          Jeff Petry               60     1   2  2  
 2 Toby Enstrom             Troy Stecher             40     1   2  2  

4 vs 4 Forward 
   Center                   Wing                     Time % Phy DF OF 
 1 Logan Couture            Nikolaj Ehlers           60     1   2  2  
 2 Mike Hoffman             Bobby Ryan               40     1   2  2  

4 vs 4 Defense
   Defense                  Defense                  Time % Phy DF OF 
 1 Hampus Lindholm          Jeff Petry               60     1   2  2  
 2 Toby Enstrom             Troy Stecher             40     1   2  2  

Last Minutes Offensive
   Center                   Left Wing                Right Wing               Defense                  Defense                  
   Logan Couture            Bobby Ryan               Nikolaj Ehlers           Hampus Lindholm          Jeff Petry               

Last Minutes Defensive
   Center                   Left Wing                Right Wing               Defense                  Defense                  
   Logan Couture            Bobby Ryan               Nikolaj Ehlers           Hampus Lindholm          Jeff Petry               

Goaltenders
Starting : Petr Mrazek              
Backup : Marc-Andre Fleury        

Extra Forwards
Normal : Jesper Bratt, Tom Kostopoulos, Stephen Gionta - PP : Jesper Bratt, Tom Kostopoulos - PK : Stephen Gionta
Extra Defensemen
Normal : Hampus Lindholm, Fredrik Claesson, Toby Enstrom - PP : Jeff Petry - PK : Fredrik Claesson, Toby Enstrom
Penalty Shots
Logan Couture, Nikolaj Ehlers, Mike Hoffman, Bobby Ryan, Lars Eller
Custom OT Lines Forwards
Logan Couture, Nikolaj Ehlers, Mike Hoffman, Bobby Ryan, Lars Eller, Blake Comeau, Jesper Bratt, Tom Kostopoulos, Stephen Gionta, Sergey Kalinin
Custom OT Lines Defensemen
Hampus Lindholm, Jeff Petry, Toby Enstrom, Troy Stecher, Fredrik Claesson

Scratches
Steven Santini (Healthy)

% Time on Ice - Ducks

Lines # - Real PCT - Wanted PCT - Time Play
Normal Forward
1 - 34% - 40% - 16:08
2 - 28% - 30% - 13:28
3 - 19% - 20% - 9:06
4 - 19% - 10% - 9:07
Normal Defense
1 - 40% - 40% - 19:12
2 - 30% - 30% - 14:25
3 - 23% - 20% - 10:51
4 - 7% - 10% - 3:21
PP Forward
1 - 56% - 60% - 4:37
2 - 44% - 40% - 3:36
PP Defense
1 - 58% - 60% - 4:46
2 - 42% - 40% - 3:27
PK Forward
1 - 84% - 60% - 3:19
2 - 16% - 40% - 0:39
PK Defense
1 - 57% - 60% - 2:16
2 - 43% - 40% - 1:42
PK3 Forward
1 - 0% - 60%
2 - 0% - 40%
PK3 Defense
1 - 0% - 60%
2 - 0% - 40%
44 Forward
1 - 0% - 60%
2 - 0% - 40%
44 Defense
1 - 0% - 60%
2 - 0% - 40%
Last Minute Offensive  - 0:00
Last Minute Defensive  - 0:00
Total
Forward - 60:00
Defense - 60:00

% Time on Ice - Maple Leafs

Lines # - Real PCT - Wanted PCT - Time Play
Normal Forward
1 - 35% - 40% - 16:51
2 - 29% - 30% - 14:00
3 - 20% - 20% - 9:47
4 - 15% - 10% - 7:11
Normal Defense
1 - 39% - 40% - 18:49
2 - 31% - 30% - 14:41
3 - 25% - 20% - 11:49
4 - 5% - 10% - 2:30
PP Forward
1 - 48% - 60% - 1:54
2 - 52% - 40% - 2:04
PP Defense
1 - 45% - 60% - 1:48
2 - 55% - 40% - 2:10
PK Forward
1 - 69% - 60% - 5:40
2 - 31% - 40% - 2:33
PK Defense
1 - 53% - 60% - 4:21
2 - 47% - 40% - 3:52
PK3 Forward
1 - 0% - 60%
2 - 0% - 40%
PK3 Defense
1 - 0% - 60%
2 - 0% - 40%
44 Forward
1 - 0% - 60%
2 - 0% - 40%
44 Defense
1 - 0% - 60%
2 - 0% - 40%
Last Minute Offensive  - 0:00
Last Minute Defensive  - 0:00
Total
Forward - 60:00
Defense - 60:00

Play by Play

1st period


0:01 of 1st period - Logan Couture wins face-off versus Jordan Staal in neutral zone.
0:26 of 1st period - Lars Eller is hit by Rasmus Ristolainen and loses puck.
0:33 of 1st period - Slapshot by Jeff Petry.
0:33 of 1st period - Shot Blocked by David Krejci.
0:56 of 1st period - Minor Penalty to Troy Stecher for Interference.
0:57 of 1st period - Logan Couture wins face-off versus Elias Lindholm in Maple Leafs zone.
1:08 of 1st period - Jeff Petry is hit by Nick Leddy and loses puck.
1:29 of 1st period - Jeff Petry is hit by Jean-Gabriel Pageau and loses puck.
2:43 of 1st period - Jordan Staal is hit by Paul Martin and loses puck.
2:56 of 1st period - Penalty to Troy Stecher is over, Troy Stecher is back on ice.
3:08 of 1st period - Nicklas Jensen is hit by Mike Green and loses puck.
3:42 of 1st period - Logan Couture is hit by Craig Smith and loses puck.
4:05 of 1st period - David Krejci is hit by Tom Kostopoulos and loses puck.
4:28 of 1st period - Troy Stecher is hit by Jordan Staal and loses puck.
4:39 of 1st period - Backhand shot by Nicklas Jensen.
4:39 of 1st period - Shot Misses the Net.
4:41 of 1st period - Snap shot by Blake Comeau.
4:41 of 1st period - Stopped by Jacob Markstrom without a rebound.
4:42 of 1st period - Lars Eller wins face-off versus Riley Nash in Ducks zone.
4:43 of 1st period - Wrist shot by Mike Hoffman.
4:43 of 1st period - Stopped by Jacob Markstrom without a rebound.
4:44 of 1st period - Jordan Staal wins face-off versus Blake Comeau in Ducks zone.
4:53 of 1st period - Snap shot by Lars Eller.
4:53 of 1st period - Shot Blocked by Elias Lindholm.
5:06 of 1st period - Snap shot by Blake Comeau.
5:06 of 1st period - Shot Misses the Net.
5:08 of 1st period - Snap shot by Blake Comeau.
5:08 of 1st period - Shot Blocked by Jack Johnson.
5:10 of 1st period - Snap shot by Troy Stecher.
5:10 of 1st period - Shot Misses the Net.
5:18 of 1st period - Snap shot by Mike Hoffman.
5:18 of 1st period - Shot Blocked by Mike Green.
5:20 of 1st period - Wrist shot by Blake Comeau.
5:20 of 1st period - Stopped by Jacob Markstrom without a rebound.
5:21 of 1st period - David Krejci wins face-off versus Logan Couture in Ducks zone.
5:26 of 1st period - Wrist shot by Milan Lucic.
5:26 of 1st period - Shot Misses the Net.
5:30 of 1st period - Wrist shot by David Krejci.
5:30 of 1st period - Deflect By Milan Lucic.
5:30 of 1st period - Shot Misses the Net.
5:30 of 1st period - Puck is out of play.
5:31 of 1st period - David Krejci wins face-off versus Logan Couture in Maple Leafs zone.
5:40 of 1st period - Wrist shot by Milan Lucic.
5:40 of 1st period - Stopped by Petr Mrazek without a rebound.
5:41 of 1st period - Jordan Staal wins face-off versus Logan Couture in Maple Leafs zone.
5:44 of 1st period - Snap shot by Elias Lindholm.
5:44 of 1st period - Shot Misses the Net.
5:46 of 1st period - Snap shot by Jordan Staal.
5:46 of 1st period - Stopped by Petr Mrazek without a rebound.
5:47 of 1st period - Jordan Staal wins face-off versus Logan Couture in Maple Leafs zone.
6:00 of 1st period - Wrist shot by Elias Lindholm.
6:00 of 1st period - Shot Misses the Net.
6:02 of 1st period - Snap shot by Elias Lindholm.
6:02 of 1st period - Stopped by Petr Mrazek without a rebound.
6:03 of 1st period - David Krejci wins face-off versus Stephen Gionta in Maple Leafs zone.
6:07 of 1st period - Icing by Hampus Lindholm.
6:08 of 1st period - Stephen Gionta wins face-off versus Jean-Gabriel Pageau in Maple Leafs zone.
6:08 of 1st period - Stephen Gionta is hit by Milan Lucic.
6:14 of 1st period - Snap shot by Milan Lucic.
6:14 of 1st period - Stopped by Petr Mrazek without a rebound.
6:15 of 1st period - Logan Couture wins face-off versus Patrik Laine in Maple Leafs zone.
7:40 of 1st period - Wrist shot by Elias Lindholm.
7:40 of 1st period - Stopped by Petr Mrazek without a rebound.
7:41 of 1st period - Jordan Staal wins face-off versus Logan Couture in Maple Leafs zone.
8:08 of 1st period - Jean-Gabriel Pageau is hit by Lars Eller.
8:36 of 1st period - Slapshot by Jesper Bratt.
8:36 of 1st period - Shot Misses the Net.
8:46 of 1st period - Riley Nash is hit by Nicklas Jensen and loses puck.
8:55 of 1st period - Slapshot by Rasmus Ristolainen.
8:55 of 1st period - Shot Blocked by Fredrik Claesson.
9:12 of 1st period - Snap shot by Elias Lindholm.
9:12 of 1st period - Shot Blocked by Jeff Petry.
9:18 of 1st period - Wrist shot by Elias Lindholm.
9:18 of 1st period - Shot Blocked by Nikolaj Ehlers.
9:28 of 1st period - Hampus Lindholm is hit by Jonathan Ericsson and loses puck.
10:18 of 1st period - Wrist shot by Trevor Lewis.
10:18 of 1st period - Shot Blocked by Fredrik Claesson.
10:20 of 1st period - Slapshot by Riley Nash.
10:20 of 1st period - Goal by Riley Nash - Ducks : 1 - Maple Leafs : 0.
10:21 of 1st period - Elias Lindholm wins face-off versus Logan Couture in neutral zone.
10:36 of 1st period - Elias Lindholm is hit by Logan Couture and loses puck.
10:52 of 1st period - Backhand shot by Mike Hoffman.
10:52 of 1st period - Shot Misses the Net.
10:54 of 1st period - Snap shot by Blake Comeau.
10:54 of 1st period - Shot Hit the Post.
10:56 of 1st period - Slapshot by Toby Enstrom.
10:56 of 1st period - Stopped by Jacob Markstrom without a rebound.
10:57 of 1st period - Logan Couture wins face-off versus Jordan Staal in Ducks zone.
11:06 of 1st period - Snap shot by Logan Couture.
11:06 of 1st period - Stopped by Jacob Markstrom with a rebound.
11:08 of 1st period - Slapshot by Logan Couture.
11:08 of 1st period - Shot Misses the Net.
11:10 of 1st period - Wrist shot by Bobby Ryan.
11:10 of 1st period - Stopped by Jacob Markstrom with a rebound.
11:24 of 1st period - Troy Stecher is hit by Milan Lucic and loses puck.
11:49 of 1st period - Snap shot by Trevor Lewis.
11:49 of 1st period - Shot Misses the Net.
11:51 of 1st period - Slapshot by Jonathan Ericsson.
11:51 of 1st period - Shot Misses the Net.
12:02 of 1st period - Icing by Toby Enstrom.
12:03 of 1st period - Mike Hoffman wins face-off versus Phillip Danault in Maple Leafs zone.
12:10 of 1st period - Slapshot by Craig Smith.
12:10 of 1st period - Shot Misses the Net.
12:32 of 1st period - Wrist shot by David Krejci.
12:32 of 1st period - Stopped by Petr Mrazek with a rebound.
12:34 of 1st period - Slapshot by Mike Green.
12:34 of 1st period - Shot Misses the Net.
12:48 of 1st period - Toby Enstrom is hit by Jean-Gabriel Pageau and loses puck.
12:53 of 1st period - Slapshot by David Krejci.
12:53 of 1st period - Stopped by Petr Mrazek without a rebound.
12:54 of 1st period - Jordan Staal wins face-off versus Tom Kostopoulos in Maple Leafs zone.
13:08 of 1st period - Slapshot by Deryk Engelland.
13:08 of 1st period - Deflect By Elias Lindholm.
13:08 of 1st period - Shot Blocked by Stephen Gionta.
13:08 of 1st period - Puck is out of play.
13:09 of 1st period - David Krejci wins face-off versus Mike Hoffman in Maple Leafs zone.
13:10 of 1st period - Snap shot by Milan Lucic.
13:10 of 1st period - Stopped by Petr Mrazek with a rebound.
13:16 of 1st period - Snap shot by Mike Hoffman.
13:16 of 1st period - Stopped by Jacob Markstrom with a rebound.
13:18 of 1st period - Wrist shot by Mike Hoffman.
13:18 of 1st period - Stopped by Jacob Markstrom without a rebound.
13:19 of 1st period - Mike Hoffman wins face-off versus David Krejci in Ducks zone.
13:36 of 1st period - Snap shot by Blake Comeau.
13:36 of 1st period - Shot Misses the Net.
13:38 of 1st period - Slapshot by Jeff Petry.
13:38 of 1st period - Deflect By Rasmus Ristolainen.
13:38 of 1st period - Stopped by Jacob Markstrom without a rebound.
13:39 of 1st period - Jordan Staal wins face-off versus Logan Couture in Ducks zone.
15:13 of 1st period - Slapshot by Logan Couture.
15:13 of 1st period - Stopped by Jacob Markstrom with a rebound.
15:27 of 1st period - Slapshot by Jesper Bratt.
15:27 of 1st period - Stopped by Jacob Markstrom with a rebound.
15:36 of 1st period - Icing by Deryk Engelland.
15:37 of 1st period - Logan Couture wins face-off versus Riley Nash in Ducks zone.
15:59 of 1st period - Minor Penalty to Tommy Wingels for Interference.
16:00 of 1st period - Logan Couture wins face-off versus Jordan Staal in Ducks zone.
16:13 of 1st period - Wrist shot by Nikolaj Ehlers.
16:13 of 1st period - Shot Blocked by Deryk Engelland.
16:15 of 1st period - Snap shot by Nikolaj Ehlers.
16:15 of 1st period - Shot Misses the Net.
16:31 of 1st period - Snap shot by Mike Hoffman.
16:31 of 1st period - Stopped by Jacob Markstrom with a rebound.
16:33 of 1st period - Snap shot by Lars Eller.
16:33 of 1st period - Shot Misses the Net.
16:35 of 1st period - Snap shot by Mike Hoffman.
16:35 of 1st period - Deflect By Lars Eller.
16:35 of 1st period - Stopped by Jacob Markstrom with a rebound.
17:59 of 1st period - Penalty to Tommy Wingels is over, Tommy Wingels is back on ice.
18:40 of 1st period - Paul Martin is hit by Tommy Wingels and loses puck.
19:12 of 1st period - Elias Lindholm is hit by Bobby Ryan and loses puck.
19:27 of 1st period - Craig Smith is hit by Lars Eller and loses puck.
19:45 of 1st period - Trevor Lewis is hit by Jesper Bratt and loses puck.
Goals for this period are 1 for Ducks vs 0 for Maple Leafs.
Shots for this period are 9 for Ducks vs 13 for Maple Leafs.

2nd period


0:01 of 2nd period - Bobby Ryan wins face-off versus Jordan Staal in neutral zone.
0:43 of 2nd period - Wrist shot by Patrik Laine.
0:43 of 2nd period - Stopped by Petr Mrazek without a rebound.
0:44 of 2nd period - Logan Couture wins face-off versus David Krejci in Maple Leafs zone.
1:09 of 2nd period - Troy Stecher is hit by Tom Wilson and loses puck.
1:18 of 2nd period - Wrist shot by Craig Smith.
1:18 of 2nd period - Stopped by Petr Mrazek without a rebound.
1:19 of 2nd period - Phillip Danault wins face-off versus Logan Couture in Maple Leafs zone.
1:24 of 2nd period - Wrist shot by Craig Smith.
1:24 of 2nd period - Deflect By Phillip Danault.
1:24 of 2nd period - Stopped by Petr Mrazek without a rebound.
1:25 of 2nd period - Logan Couture wins face-off versus Phillip Danault in Maple Leafs zone.
1:54 of 2nd period - Icing by Elias Lindholm.
1:55 of 2nd period - Jordan Staal wins face-off versus Mike Hoffman in Ducks zone.
2:22 of 2nd period - Snap shot by David Krejci.
2:22 of 2nd period - Stopped by Petr Mrazek without a rebound.
2:23 of 2nd period - Logan Couture wins face-off versus David Krejci in Maple Leafs zone.
3:45 of 2nd period - Snap shot by Milan Lucic.
3:45 of 2nd period - Stopped by Petr Mrazek without a rebound.
3:46 of 2nd period - Mike Hoffman wins face-off versus Jordan Staal in Maple Leafs zone.
3:48 of 2nd period - Minor Penalty to Mike Hoffman for Interference.
3:49 of 2nd period - Stephen Gionta wins face-off versus Jordan Staal in Maple Leafs zone.
3:59 of 2nd period - Wrist shot by Elias Lindholm.
3:59 of 2nd period - Shot Misses the Net.
4:01 of 2nd period - Snap shot by Jordan Staal.
4:01 of 2nd period - Stopped by Petr Mrazek without a rebound.
4:02 of 2nd period - Logan Couture wins face-off versus Elias Lindholm in Maple Leafs zone.
5:48 of 2nd period - Penalty to Mike Hoffman is over, Mike Hoffman is back on ice.
7:54 of 2nd period - Toby Enstrom is hit by Trevor Lewis and loses puck.
8:23 of 2nd period - Snap shot by Nikolaj Ehlers.
8:23 of 2nd period - Stopped by Jacob Markstrom without a rebound.
8:24 of 2nd period - Mike Hoffman wins face-off versus Phillip Danault in Ducks zone.
8:51 of 2nd period - Jeff Petry is hit by Milan Lucic and loses puck.
9:20 of 2nd period - Slapshot by Tommy Wingels.
9:20 of 2nd period - Shot Misses the Net.
9:26 of 2nd period - Minor Penalty to Jesper Bratt for Roughing.
9:27 of 2nd period - Logan Couture wins face-off versus Patrik Laine in Maple Leafs zone.
9:43 of 2nd period - Off-side.
9:44 of 2nd period - David Krejci wins face-off versus Logan Couture in neutral zone.
11:26 of 2nd period - Penalty to Jesper Bratt is over, Jesper Bratt is back on ice.
12:33 of 2nd period - Snap shot by Nicklas Jensen.
12:33 of 2nd period - Shot Misses the Net.
12:35 of 2nd period - Slapshot by Boyd Gordon.
12:35 of 2nd period - Deflect By Sergey Kalinin.
12:35 of 2nd period - Deflect By Patrik Laine.
12:35 of 2nd period - Stopped by Jacob Markstrom without a rebound.
12:36 of 2nd period - Sergey Kalinin wins face-off versus David Krejci in Ducks zone.
12:47 of 2nd period - Wrist shot by Milan Lucic.
12:47 of 2nd period - Shot Blocked by Nicklas Jensen.
13:20 of 2nd period - Snap shot by Logan Couture.
13:20 of 2nd period - Stopped by Jacob Markstrom without a rebound.
13:21 of 2nd period - Mike Hoffman wins face-off versus Riley Nash in Ducks zone.
13:24 of 2nd period - Slapshot by Lars Eller.
13:24 of 2nd period - Stopped by Jacob Markstrom without a rebound.
13:25 of 2nd period - Jordan Staal wins face-off versus Mike Hoffman in Ducks zone.
13:38 of 2nd period - Snap shot by Elias Lindholm.
13:38 of 2nd period - Shot Misses the Net.
13:40 of 2nd period - Snap shot by Jordan Staal.
13:40 of 2nd period - Goal by Jordan Staal - Ducks : 2 - Maple Leafs : 0.
13:41 of 2nd period - Jordan Staal wins face-off versus Logan Couture in neutral zone.
13:46 of 2nd period - Snap shot by Patrik Laine.
13:46 of 2nd period - Stopped by Petr Mrazek without a rebound.
13:47 of 2nd period - Logan Couture wins face-off versus Jordan Staal in Maple Leafs zone.
13:47 of 2nd period - Logan Couture is hit by Jordan Staal.
13:53 of 2nd period - Snap shot by Jeff Petry.
13:53 of 2nd period - Shot Blocked by Patrik Laine.
13:59 of 2nd period - Snap shot by Nikolaj Ehlers.
13:59 of 2nd period - Stopped by Jacob Markstrom without a rebound.
14:00 of 2nd period - Patrik Laine wins face-off versus Logan Couture in Ducks zone.
15:19 of 2nd period - Wrist shot by Nicklas Jensen.
15:19 of 2nd period - Stopped by Jacob Markstrom with a rebound.
15:31 of 2nd period - Slapshot by Craig Smith.
15:31 of 2nd period - Stopped by Petr Mrazek with a rebound.
15:39 of 2nd period - Snap shot by Nikolaj Ehlers.
15:39 of 2nd period - Shot Blocked by Phillip Danault.
15:55 of 2nd period - Fredrik Claesson is hit by Milan Lucic and loses puck.
16:41 of 2nd period - Snap shot by Patrik Laine.
16:41 of 2nd period - Stopped by Petr Mrazek with a rebound.
16:43 of 2nd period - Wrist shot by Jonathan Ericsson.
16:43 of 2nd period - Deflect By Nikolaj Ehlers.
16:43 of 2nd period - Stopped by Petr Mrazek without a rebound.
16:44 of 2nd period - Jordan Staal wins face-off versus Mike Hoffman in Maple Leafs zone.
16:55 of 2nd period - Wrist shot by Blake Comeau.
16:55 of 2nd period - Stopped by Jacob Markstrom without a rebound.
16:56 of 2nd period - Jordan Staal wins face-off versus Logan Couture in Ducks zone.
16:56 of 2nd period - Jordan Staal is hit by Nikolaj Ehlers.
17:03 of 2nd period - Slapshot by Jordan Staal.
17:03 of 2nd period - Stopped by Petr Mrazek with a rebound.
17:05 of 2nd period - Slapshot by Nick Leddy.
17:05 of 2nd period - Stopped by Petr Mrazek without a rebound.
17:06 of 2nd period - Jordan Staal wins face-off versus Bobby Ryan in Maple Leafs zone.
17:09 of 2nd period - Snap shot by Patrik Laine.
17:09 of 2nd period - Stopped by Petr Mrazek without a rebound.
17:10 of 2nd period - Logan Couture wins face-off versus Elias Lindholm in Maple Leafs zone.
17:12 of 2nd period - Minor Penalty to Logan Couture for Hooking.
17:13 of 2nd period - Stephen Gionta wins face-off versus Jordan Staal in Maple Leafs zone.
17:23 of 2nd period - Wrist shot by Patrik Laine.
17:23 of 2nd period - Shot Blocked by Nikolaj Ehlers.
17:25 of 2nd period - Snap shot by Jordan Staal.
17:25 of 2nd period - Shot Misses the Net.
17:27 of 2nd period - Snap shot by Patrik Laine.
17:27 of 2nd period - Shot Misses the Net.
17:29 of 2nd period - Snap shot by Patrik Laine.
17:29 of 2nd period - Ducks goal is going for a video replay.
17:29 of 2nd period - The goal is good.
17:29 of 2nd period - Goal by Patrik Laine - Ducks : 3 - Maple Leafs : 0.
17:30 of 2nd period - Jordan Staal wins face-off versus Logan Couture in neutral zone.
17:37 of 2nd period - Snap shot by Jordan Staal.
17:37 of 2nd period - Shot Blocked by Hampus Lindholm.
17:55 of 2nd period - Milan Lucic is hit by Jeff Petry and loses puck.
18:18 of 2nd period - Wrist shot by Jesper Bratt.
18:18 of 2nd period - Deflect By Tom Kostopoulos.
18:18 of 2nd period - Shot Misses the Net.
18:18 of 2nd period - Puck is out of play.
18:19 of 2nd period - Jordan Staal wins face-off versus Tom Kostopoulos in Ducks zone.
18:46 of 2nd period - Nick Leddy is hit by Bobby Ryan.
19:37 of 2nd period - Jordan Staal is hit by Blake Comeau and loses puck.
Goals for this period are 2 for Ducks vs 0 for Maple Leafs.
Shots for this period are 15 for Ducks vs 7 for Maple Leafs.

3rd period


0:01 of 3rd period - Elias Lindholm wins face-off versus Nikolaj Ehlers in neutral zone.
0:33 of 3rd period - Wrist shot by Milan Lucic.
0:33 of 3rd period - Stopped by Petr Mrazek without a rebound.
0:34 of 3rd period - Jordan Staal wins face-off versus Mike Hoffman in Maple Leafs zone.
0:49 of 3rd period - Wrist shot by Lars Eller.
0:49 of 3rd period - Shot Misses the Net.
0:59 of 3rd period - Jordan Staal is hit by Stephen Gionta and loses puck.
1:08 of 3rd period - Slapshot by Jesper Bratt.
1:08 of 3rd period - Stopped by Jacob Markstrom without a rebound.
1:09 of 3rd period - David Krejci wins face-off versus Logan Couture in Ducks zone.
1:24 of 3rd period - Wrist shot by Nikolaj Ehlers.
1:24 of 3rd period - Stopped by Jacob Markstrom with a rebound.
1:43 of 3rd period - Mike Hoffman is hit by Tom Wilson.
1:47 of 3rd period - Slapshot by Jeff Petry.
1:47 of 3rd period - Deflect By Mike Hoffman.
1:47 of 3rd period - Stopped by Jacob Markstrom with a rebound.
2:29 of 3rd period - Backhand shot by Elias Lindholm.
2:29 of 3rd period - Shot Misses the Net.
2:42 of 3rd period - Off-side.
2:43 of 3rd period - Logan Couture wins face-off versus David Krejci in neutral zone.
2:50 of 3rd period - Wrist shot by Logan Couture.
2:50 of 3rd period - Shot Blocked by Jonathan Ericsson.
2:52 of 3rd period - Slapshot by Troy Stecher.
2:52 of 3rd period - Shot Misses the Net.
2:54 of 3rd period - Wrist shot by Troy Stecher.
2:54 of 3rd period - Deflect By Logan Couture.
2:54 of 3rd period - Stopped by Jacob Markstrom with a rebound.
3:38 of 3rd period - Snap shot by Mike Hoffman.
3:38 of 3rd period - Stopped by Jacob Markstrom with a rebound.
4:20 of 3rd period - Wrist shot by Lars Eller.
4:20 of 3rd period - Deflect By Blake Comeau.
4:20 of 3rd period - Stopped by Jacob Markstrom with a rebound.
4:26 of 3rd period - Snap shot by Mike Hoffman.
4:26 of 3rd period - Shot Misses the Net.
4:28 of 3rd period - Snap shot by Toby Enstrom.
4:28 of 3rd period - Shot Blocked by Trevor Lewis.
4:30 of 3rd period - Slapshot by Troy Stecher.
4:30 of 3rd period - Deflect By Blake Comeau.
4:30 of 3rd period - Stopped by Jacob Markstrom with a rebound.
4:32 of 3rd period - Wrist shot by Mike Hoffman.
4:32 of 3rd period - Goal by Mike Hoffman - Ducks : 3 - Maple Leafs : 1.
4:33 of 3rd period - Logan Couture wins face-off versus Jordan Staal in neutral zone.
4:36 of 3rd period - Slapshot by Hampus Lindholm.
4:36 of 3rd period - Shot Blocked by Patrik Laine.
4:38 of 3rd period - Backhand shot by Logan Couture.
4:38 of 3rd period - Shot Blocked by Jack Johnson.
4:40 of 3rd period - Slapshot by Jeff Petry.
4:40 of 3rd period - Stopped by Jacob Markstrom without a rebound.
4:41 of 3rd period - Jordan Staal wins face-off versus Logan Couture in Ducks zone.
4:48 of 3rd period - Nikolaj Ehlers is hit by Jordan Staal and loses puck.
5:09 of 3rd period - Hampus Lindholm is hit by Patrik Laine and loses puck.
5:32 of 3rd period - Minor Penalty to Bobby Ryan for Hooking.
5:33 of 3rd period - Milan Lucic wins face-off versus Logan Couture in Maple Leafs zone.
5:41 of 3rd period - Snap shot by David Krejci.
5:41 of 3rd period - Stopped by Petr Mrazek with a rebound.
6:06 of 3rd period - Mike Green is hit by Mike Hoffman and loses puck.
6:13 of 3rd period - Jordan Staal is hit by Hampus Lindholm and loses puck.
6:17 of 3rd period - Icing by Jack Johnson.
6:18 of 3rd period - Jordan Staal wins face-off versus Logan Couture in Ducks zone.
7:32 of 3rd period - Penalty to Bobby Ryan is over, Bobby Ryan is back on ice.
7:42 of 3rd period - Minor Penalty to Tom Wilson for Holding.
7:43 of 3rd period - Jordan Staal wins face-off versus Mike Hoffman in Ducks zone.
7:56 of 3rd period - Slapshot by Jeff Petry.
7:56 of 3rd period - Stopped by Jacob Markstrom with a rebound.
7:58 of 3rd period - Slapshot by Jeff Petry.
7:58 of 3rd period - Shot Misses the Net.
8:38 of 3rd period - Jonathan Ericsson is hit by Bobby Ryan and loses puck.
9:42 of 3rd period - Penalty to Tom Wilson is over, Tom Wilson is back on ice.
10:45 of 3rd period - Logan Couture is hit by Tommy Wingels and loses puck.
10:50 of 3rd period - Wrist shot by Riley Nash.
10:50 of 3rd period - Goal by Riley Nash - Ducks : 4 - Maple Leafs : 1.
10:51 of 3rd period - Jordan Staal wins face-off versus Logan Couture in neutral zone.
11:14 of 3rd period - Logan Couture is hit by Jordan Staal and loses puck.
11:45 of 3rd period - Wrist shot by Jordan Staal.
11:45 of 3rd period - Shot Blocked by Hampus Lindholm.
11:47 of 3rd period - Slapshot by Mike Green.
11:47 of 3rd period - Shot Blocked by Nikolaj Ehlers.
11:53 of 3rd period - Snap shot by Jordan Staal.
11:53 of 3rd period - Stopped by Petr Mrazek with a rebound.
11:55 of 3rd period - Wrist shot by Patrik Laine.
11:55 of 3rd period - Deflect By Nikolaj Ehlers.
11:55 of 3rd period - Stopped by Petr Mrazek without a rebound.
11:56 of 3rd period - David Krejci wins face-off versus Mike Hoffman in Maple Leafs zone.
12:43 of 3rd period - Wrist shot by Phillip Danault.
12:43 of 3rd period - Shot Misses the Net.
12:45 of 3rd period - Snap shot by Phillip Danault.
12:45 of 3rd period - Deflect By Craig Smith.
12:45 of 3rd period - Stopped by Petr Mrazek without a rebound.
12:46 of 3rd period - Stephen Gionta wins face-off versus Phillip Danault in Maple Leafs zone.
12:51 of 3rd period - Craig Smith is hit by Jesper Bratt and loses puck.
13:18 of 3rd period - Snap shot by Milan Lucic.
13:18 of 3rd period - Stopped by Petr Mrazek without a rebound.
13:19 of 3rd period - Jordan Staal wins face-off versus Logan Couture in Maple Leafs zone.
13:33 of 3rd period - Off-side.
13:34 of 3rd period - Mike Hoffman wins face-off versus David Krejci in neutral zone.
13:39 of 3rd period - Slapshot by Lars Eller.
13:39 of 3rd period - Shot Blocked by Nick Leddy.
13:46 of 3rd period - Off-side.
13:47 of 3rd period - Jordan Staal wins face-off versus Logan Couture in neutral zone.
14:02 of 3rd period - Snap shot by Patrik Laine.
14:02 of 3rd period - Stopped by Petr Mrazek with a rebound.
15:09 of 3rd period - Wrist shot by Riley Nash.
15:09 of 3rd period - Shot Hit the Post.
15:30 of 3rd period - Wrist shot by Nikolaj Ehlers.
15:30 of 3rd period - Stopped by Jacob Markstrom with a rebound.
15:48 of 3rd period - Snap shot by David Krejci.
15:48 of 3rd period - Stopped by Petr Mrazek without a rebound.
15:49 of 3rd period - David Krejci wins face-off versus Bobby Ryan in Maple Leafs zone.
17:51 of 3rd period - Slapshot by Tom Wilson.
17:51 of 3rd period - Shot Misses the Net.
18:11 of 3rd period - Snap shot by Jesper Bratt.
18:11 of 3rd period - Shot Misses the Net.
18:36 of 3rd period - Deryk Engelland is hit by Nicklas Jensen and loses puck.
18:56 of 3rd period - Wrist shot by Trevor Lewis.
18:56 of 3rd period - Shot Misses the Net.
18:58 of 3rd period - Snap shot by Riley Nash.
18:58 of 3rd period - Shot Blocked by Troy Stecher.
19:15 of 3rd period - Lars Eller is hit by Milan Lucic and loses puck.
Goals for this period are 1 for Ducks vs 1 for Maple Leafs.
Shots for this period are 9 for Ducks vs 11 for Maple Leafs.